[Event "Corsica Masters/Corsican Circuit 2010"]
[Site "Bastia/France"]
[Date "2010.10.29"]
[Round "7"]
[White "Jones, Gawain C"]
[Black "Shirazi, Kamran G"]
[Result "1/2-1/2"]
[ECO "B51"]
[WhiteElo "2568"]
[BlackElo "2428"]
[Annotator "Robot 3"]
[PlyCount "115"]
[EventDate "2010.??.??"]
[TimeControl "5400+30"]

1. e4 c5 2. Nf3 d6 3. Bb5+ Nd7 4. d4 a6 5. Bxd7+ Bxd7 6. dxc5 dxc5 7. Bf4 Nf6
8. Nc3 b5 9. O-O e6 10. Re1 Be7 11. e5 Nd5 12. Nxd5 exd5 13. Qxd5 O-O 14. Rad1
Ra7 15. Qb3 Qc8 16. Bg5 c4 17. Qc3 b4 18. Qd2 c3 19. bxc3 bxc3 20. Qe3 Bc5 21.
Nd4 Bf5 22. Qxc3 Rc7 23. Qg3 Bxd4 24. Rxd4 Rc3 25. Qf4 Bxc2 26. Qd2 Bg6 27. Rd1
h6 28. e6 Rc2 29. e7 Rxd2 30. R4xd2 Re8 31. Rd8 Qc6 32. Rxe8+ Qxe8 33. Rd8 f6
34. Bd2 Kf7 35. Rxe8 Kxe8 36. Bb4 Bb1 37. a3 Bc2 38. f3 Ba4 39. Kf2 Kf7 40. Ke3
Bb5 41. h4 Bf1 42. Kf2 Bb5 43. Ke3 Bf1 44. g3 Bb5 45. h5 Bc6 46. Kf4 Bd7 47. g4
Bb5 48. Kg3 Bd7 49. f4 Ba4 50. Kh4 Bd1 51. g5 fxg5+ 52. fxg5 hxg5+ 53. Kxg5 Ba4
54. Kf5 Bd7+ 55. Ke5 Bg4 56. Kd6 Ke8 57. Bc3 Bxh5 58. Bxg7 1/2-1/2

[Event "Corsica Masters/Corsican Circuit 2010"]
[Site "Bastia/France"]
[Date "2010.10.29"]
[Round "7"]
[White "Vajda, Levente"]
[Black "Balogh, Csaba"]
[Result "1/2-1/2"]
[ECO "C47"]
[WhiteElo "2505"]
[BlackElo "2628"]
[Annotator "Robot 3"]
[PlyCount "62"]
[EventDate "2010.??.??"]
[TimeControl "5400+30"]

1. e4 e5 2. Nf3 Nc6 3. Nc3 Nf6 4. d4 exd4 5. Nxd4 Bb4 6. Nxc6 bxc6 7. Bd3 d5 8.
exd5 cxd5 9. O-O O-O 10. Bg5 c6 11. Qf3 h6 12. Bxf6 Qxf6 13. Qxf6 gxf6 14. Ne2
Bd6 15. Nd4 c5 16. Nf5 Bxf5 17. Bxf5 Rfe8 18. Rad1 d4 19. Rfe1 Re5 20. Bd3 Rae8
21. Rxe5 fxe5 22. Re1 Kg7 23. b3 Rf8 24. g3 f5 25. f3 Kf6 26. Kg2 Re8 27. Bb5
Re7 28. Bd3 Re8 29. Bb5 Re7 30. Bd3 Kg5 31. Re2 Kf6 1/2-1/2

[Event "Corsica Masters/Corsican Circuit 2010"]
[Site "Bastia/France"]
[Date "2010.10.29"]
[Round "7"]
[White "Van Wely, Loek"]
[Black "Bologan, Viktor"]
[Result "0-1"]
[ECO "D58"]
[WhiteElo "2677"]
[BlackElo "2695"]
[Annotator "Robot 3"]
[PlyCount "129"]
[EventDate "2010.??.??"]
[TimeControl "5400+30"]

1. d4 Nf6 2. c4 e6 3. Nf3 d5 4. Nc3 Be7 5. Bg5 h6 6. Bh4 O-O 7. e3 b6 8. Bd3
Bb7 9. O-O Nbd7 10. Qe2 Ne4 11. Bg3 c5 12. Rfd1 cxd4 13. exd4 Nxg3 14. hxg3 Nf6
15. Ne5 a6 16. cxd5 exd5 17. Bc2 Re8 18. Rd3 Bf8 19. Re3 g6 20. Re1 Qd6 21. Qf3
Re7 22. Bb3 Rae8 23. g4 Bg7 24. g3 Qb4 25. Qd1 Qd6 26. Qf3 Qb4 27. Rd1 Qd6 28.
a3 b5 29. Rde1 b4 30. axb4 Qxb4 31. Qd1 Re6 32. R1e2 a5 33. Ba2 Ba6 34. Rc2 Rd8
35. Ne2 Qa4 36. Nf4 Red6 37. Bb3 Qb5 38. Rc7 g5 39. Nfd3 Qb6 40. Rxf7 Qxd4 41.
Rc7 Bxd3 42. Qxd3 Qxd3 43. Rxd3 Ne8 44. Re7 Bf6 45. Rxd5 Rxd5 46. Bxd5+ Rxd5
47. Rxe8+ Kg7 48. Nc4 Rc5 49. Re4 Rb5 50. Re2 a4 51. Re4 Rb4 52. f3 Bxb2 53.
Re7+ Kf8 54. Rc7 a3 55. Rc8+ Ke7 56. Nxa3 Bxa3 57. Rc7+ Kd8 58. Rh7 Rb6 59. f4
Be7 60. Kg2 Ke8 61. Kf3 Rb3+ 62. Kg2 Bf8 63. Kf2 Rd3 64. Rb7 Be7 65. Rb6 0-1

[Event "Corsica Masters/Corsican Circuit 2010 -"]
[Site "Bastia/France"]
[Date "2010.10.29"]
[Round "1.1"]
[White "Balogh, Csaba"]
[Black "Malaniuk, Vladimir P"]
[Result "1/2-1/2"]
[ECO "C76"]
[WhiteElo "2628"]
[BlackElo "2543"]
[Annotator "Robot 3"]
[PlyCount "198"]
[EventDate "2010.??.??"]
[TimeControl "900+3"]

1. e4 e5 2. Nf3 Nc6 3. Bb5 g6 4. c3 a6 5. Ba4 d6 6. d4 Bd7 7. d5 Nce7 8. c4 b5
9. Bc2 Bg7 10. Be3 f5 11. Ng5 Nf6 12. Nc3 O-O 13. f3 b4 14. Na4 fxe4 15. fxe4
Ng4 16. Qe2 Nxe3 17. Qxe3 Bh6 18. h4 Qe8 19. b3 Bxa4 20. bxa4 Nc8 21. a5 c5 22.
dxc6 Na7 23. c5 Nxc6 24. Bb3+ Kh8 25. cxd6 Nd4 26. Rc1 Rc8 27. Rxc8 Qxc8 28.
Rf1 Bxg5 29. hxg5 Rxf1+ 30. Kxf1 Qf8+ 31. Qf2 Qxd6 32. Bc4 Qe7 33. Bxa6 h6 34.
gxh6 Kh7 35. Bc4 Kxh6 36. a6 Nc6 37. Bd5 Nd4 38. Qf7 Qc5 39. Bc4 Nc6 40. Qd5
Qb6 41. Qd2+ Kg7 42. Qd6 Kh6 43. a7 Qxa7 44. Qxc6 Qe3 45. Be2 Qd4 46. Qc1+ Kg7
47. Qc2 Kh6 48. Bc4 Qe3 49. Qe2 Qc1+ 50. Kf2 Qf4+ 51. Kg1 Qc1+ 52. Kh2 Kg7 53.
Bb3 Qh6+ 54. Kg1 Qc1+ 55. Kf2 Qf4+ 56. Qf3 Qd2+ 57. Kg3 Qg5+ 58. Kh2 Qh4+ 59.
Kg1 Qe1+ 60. Qf1 Qxe4 61. Qf7+ Kh6 62. Qf8+ Kg5 63. Qf2 Kh6 64. Bc2 Qc4 65.
Qe3+ Kh7 66. Qd3 Qc5+ 67. Kh1 Qc6 68. Qe4 Qf6 69. Kg1 Qb6+ 70. Kh2 Qf6 71. Qg4
Qd6 72. Be4 Kg7 73. Kh3 Kh6 74. Kg3 Kg7 75. Qg5 Kh7 76. Qh4+ Kg7 77. Qg5 Kh7
78. Qg4 Kg7 79. Kh3 Kh6 80. Qh4+ Kg7 81. Qg5 Kh7 82. Kg3 Kg7 83. Qg4 Qf6 84.
Qd7+ Kh6 85. Qh3+ Kg7 86. Qg4 Qd6 87. Qxg6+ Qxg6+ 88. Bxg6 Kxg6 89. Kf3 Kf5 90.
Ke3 e4 91. g3 Ke5 92. g4 Kd5 93. g5 Ke5 94. g6 Kf6 95. Kxe4 Kxg6 96. Kd5 Kf7
97. Kc5 Ke8 98. Kxb4 Kd7 99. Kc5 Kc8 1/2-1/2

[Event "Corsica Masters/Corsican Circuit 2010 -"]
[Site "Bastia/France"]
[Date "2010.10.29"]
[Round "1.1"]
[White "Bologan, Viktor"]
[Black "Horvath, Adam"]
[Result "1-0"]
[ECO "B49"]
[WhiteElo "2695"]
[BlackElo "2501"]
[Annotator "Robot 3"]
[PlyCount "64"]
[EventDate "2010.??.??"]
[TimeControl "900+3"]

1. e4 c5 2. Nf3 e6 3. d4 cxd4 4. Nxd4 Nc6 5. Nc3 Qc7 6. Be3 a6 7. Be2 b5 8.
Nxc6 Qxc6 9. Bf3 Bb7 10. O-O Qc7 11. e5 Ne7 12. Bc5 Bxf3 13. Qxf3 Nc6 14. Bxf8
Kxf8 15. Rfe1 b4 16. Na4 Rd8 17. Qe3 h5 18. Nc5 a5 19. Rad1 Ne7 20. Ne4 Nd5 21.
Qd4 h4 22. c4 Rh5 23. f4 Ne7 24. Qc5 Qxc5+ 25. Nxc5 Nf5 26. Rd3 Ke7 27. Nb7 d6
28. Nxd6 Rd7 29. Red1 Nxd6 30. g3 Rf5 31. c5 g5 32. c6 Rd8 {probably 1-0.} 1-0

[Event "Corsica Masters/Corsican Circuit 2010 -"]
[Site "Bastia/France"]
[Date "2010.10.29"]
[Round "1.1"]
[White "David, Alberto"]
[Black "Shchekachev, Andrei"]
[Result "1-0"]
[ECO "E11"]
[WhiteElo "2622"]
[BlackElo "2546"]
[Annotator "Robot 3"]
[PlyCount "131"]
[EventDate "2010.??.??"]
[TimeControl "900+3"]

1. d4 Nf6 2. c4 e6 3. Nf3 Bb4+ 4. Bd2 Bxd2+ 5. Qxd2 d5 6. e3 O-O 7. Nc3 Qe7 8.
Bd3 dxc4 9. Bxc4 c5 10. O-O Rd8 11. Qe2 Nc6 12. Rfd1 cxd4 13. exd4 Na5 14. Bd3
Nc6 15. Rac1 Bd7 16. a3 Be8 17. Bb1 Rac8 18. Ba2 Qd6 19. Qe3 Ne7 20. d5 Nexd5
21. Nxd5 Nxd5 22. Rxc8 Rxc8 23. Bxd5 exd5 24. Qxa7 Qc7 25. h3 h6 26. Qd4 Bc6
27. Re1 Qd6 28. Qg4 Ra8 29. Nd4 Qf6 30. Re3 Qg5 31. Qxg5 hxg5 32. Rc3 Ra4 33.
Nxc6 bxc6 34. Rxc6 Rd4 35. Kf1 Rd2 36. b4 Ra2 37. Rc3 Rb2 38. Rd3 Ra2 39. Rxd5
Rxa3 40. Rxg5 Rb3 41. b5 Rb2 42. g3 f6 43. Rc5 Kf7 44. h4 Kg6 45. Kg2 Kh6 46.
g4 Kg6 47. Kg3 Rb4 48. h5+ Kh6 49. Rc8 Kh7 50. Rb8 Rb3+ 51. Kf4 Rb2 52. f3 Rb3
53. b6 Rb5 54. Ke4 Rb3 55. Kd5 Rxf3 56. Re8 Rb3 57. Kc6 Rc3+ 58. Kd6 Rd3+ 59.
Kc7 Rc3+ 60. Kb8 Rc4 61. b7 Rxg4 62. Kc7 Rc4+ 63. Kd6 Rb4 64. b8=Q Rxb8 65.
Rxb8 Kh6 66. Ke6 1-0

[Event "Corsica Masters/Corsican Circuit 2010 -"]
[Site "Bastia/France"]
[Date "2010.10.29"]
[Round "1.1"]
[White "Mamedyarov, Shakhriyar"]
[Black "Shirazi, Kamran G"]
[Result "1-0"]
[ECO "E60"]
[WhiteElo "2761"]
[BlackElo "2428"]
[Annotator "Robot 3"]
[PlyCount "51"]
[EventDate "2010.??.??"]
[TimeControl "900+3"]

1. d4 Nf6 2. c4 d6 3. Nf3 g6 4. g3 b6 5. Bg2 Bb7 6. Nc3 Ne4 7. d5 Nxc3 8. Qd4
Nxd5 9. Qxh8 Nf6 10. Bh6 Nbd7 11. O-O c6 12. Ng5 e6 13. Nxh7 Nxh7 14. Qxh7 Qf6
15. Rad1 Qxb2 16. Bxf8 Nxf8 17. Qh4 Rd8 18. c5 d5 19. Rb1 Qxe2 20. cxb6 Qa6 21.
Qd4 Ra8 22. a4 Nd7 23. bxa7 Qxa7 24. Qh8+ Ke7 25. Qh4+ Nf6 26. Qb4+ 1-0

[Event "Corsica Masters/Corsican Circuit 2010 -"]
[Site "Bastia/France"]
[Date "2010.10.29"]
[Round "1.2"]
[White "Malaniuk, Vladimir P"]
[Black "Balogh, Csaba"]
[Result "1/2-1/2"]
[ECO "B20"]
[WhiteElo "2543"]
[BlackElo "2628"]
[Annotator "Robot 3"]
[PlyCount "68"]
[EventDate "2010.??.??"]
[TimeControl "900+3"]

1. f4 c5 2. Nf3 Nc6 3. g3 g6 4. Bg2 Bg7 5. O-O d6 6. d3 e5 7. c3 Nge7 8. e4 O-O
9. Be3 b6 10. Nbd2 Ba6 11. Qc2 Rc8 12. Rfe1 Nd4 13. Qb1 Nxf3+ 14. Nxf3 exf4 15.
Bxf4 Nc6 16. Qc2 Ne5 17. Rad1 Qd7 18. Rd2 Rfe8 19. Qd1 Rcd8 20. d4 cxd4 21.
cxd4 Nxf3+ 22. Qxf3 Qa4 23. Qd1 Qxa2 24. Re3 Qc4 25. Rc3 Qb4 26. Rc7 Bc4 27.
Rxa7 Bb3 28. Qe1 Bxd4+ 29. Be3 Bxe3+ 30. Qxe3 Ra8 31. Rxa8 Rxa8 32. h4 Qc5 33.
Qf2 Ra1+ 34. Kh2 Kf8 1/2-1/2

[Event "Corsica Masters/Corsican Circuit 2010 -"]
[Site "Bastia/France"]
[Date "2010.10.29"]
[Round "1.2"]
[White "Shchekachev, Andrei"]
[Black "David, Alberto"]
[Result "0-1"]
[ECO "A28"]
[WhiteElo "2546"]
[BlackElo "2622"]
[Annotator "Robot 3"]
[PlyCount "79"]
[EventDate "2010.??.??"]
[TimeControl "900+3"]

1. c4 Nf6 2. Nc3 e5 3. Nf3 Nc6 4. d3 d5 5. cxd5 Nxd5 6. e3 Be7 7. Be2 O-O 8.
O-O Be6 9. Qc2 Kh8 10. a3 f5 11. Rd1 Bg8 12. Ne4 Qe8 13. Ned2 a5 14. b3 Bd6 15.
Bb2 Qg6 16. g3 f4 17. e4 Nb6 18. Nh4 Qf6 19. Ndf3 a4 20. b4 Bb3 21. Qc3 Bxd1
22. Rxd1 Nd7 23. Nf5 Ne7 24. Nxd6 cxd6 25. d4 Rac8 26. Qd2 Ng6 27. Rf1 Nb6 28.
Ba1 Nc4 29. Qd3 b5 30. Kg2 Qe6 31. d5 Qd7 32. Nd2 Rc7 33. Nxc4 Rxc4 34. f3 Rfc8
35. Rf2 Qa7 36. Bf1 h5 37. Bb2 h4 38. g4 h3+ 39. Kg1 Rc2 40. Qd1 0-1

[Event "Corsica Masters/Corsican Circuit 2010 -"]
[Site "Bastia/France"]
[Date "2010.10.29"]
[Round "1.2"]
[White "Shirazi, Kamran G"]
[Black "Mamedyarov, Shakhriyar"]
[Result "1/2-1/2"]
[ECO "C47"]
[WhiteElo "2428"]
[BlackElo "2761"]
[Annotator "Robot 3"]
[PlyCount "82"]
[EventDate "2010.??.??"]
[TimeControl "900+3"]

1. e4 e5 2. Nc3 Nf6 3. Nf3 Nc6 4. a3 Nxe4 5. Nxe4 d5 6. Nc3 d4 7. Bb5 dxc3 8.
Nxe5 Qd5 9. Qe2 Be6 10. O-O Bd6 11. Nxc6 bxc6 12. Bd3 cxd2 13. Bxd2 Qe5 14.
Qxe5 Bxe5 15. Rab1 O-O 16. b4 Rfd8 17. Rfe1 Bd6 18. Be3 a5 19. Bg5 Rdc8 20. Be4
axb4 21. axb4 Rab8 22. Bxc6 Rxb4 23. Rxb4 Bxb4 24. Ra1 h6 25. Be3 Rd8 26. h4
Bc3 27. Ra7 Bf5 28. g3 Bxc2 29. Rxc7 Be5 30. Re7 Bf6 31. Rb7 Bd4 32. Bf4 Bf5
33. Bf3 Be6 34. Rb5 Rc8 35. Kg2 Rc2 36. Rb8+ Rc8 37. Rb4 Rc4 38. Rb5 Rc2 39.
Rb8+ Rc8 40. Rb5 Rc2 41. Rb8+ Rc8 1/2-1/2

[Event "Corsica Masters/Corsican Circuit 2010 -"]
[Site "Bastia/France"]
[Date "2010.10.29"]
[Round "2.1"]
[White "Bologan, Viktor"]
[Black "Van Wely, Loek"]
[Result "0-1"]
[ECO "B41"]
[WhiteElo "2695"]
[BlackElo "2677"]
[Annotator "Robot 3"]
[PlyCount "78"]
[EventDate "2010.??.??"]
[TimeControl "900+3"]

1. e4 c5 2. Nf3 e6 3. d4 cxd4 4. Nxd4 a6 5. c4 Nf6 6. Nc3 Bb4 7. Qf3 Qc7 8. Bd2
Nc6 9. Nc2 Be7 10. g4 h6 11. O-O-O Ne5 12. Qe2 g5 13. h4 Rg8 14. hxg5 hxg5 15.
f3 d6 16. Be3 Bd7 17. Kb1 Rc8 18. Na3 Bc6 19. Ka1 Nfd7 20. Nc2 Bf6 21. Nd4 Nb6
22. b3 Qe7 23. Kb1 Nbd7 24. Nd5 exd5 25. exd5 Ba4 26. Nf5 Qf8 27. Bd4 Nc5 28.
bxa4 Kd7 29. Qc2 Qd8 30. Ka1 Nxf3 31. Bb2 Bxb2+ 32. Qxb2 Nxa4 33. Qxb7+ Rc7 34.
Qxa6 Qf6+ 35. Rd4 Nc3 36. Rh6 Rg6 37. Rh7 Nxd4 38. Qxd6+ Qxd6 39. Rxf7+ Kd8 0-1

[Event "Corsica Masters/Corsican Circuit 2010 -"]
[Site "Bastia/France"]
[Date "2010.10.29"]
[Round "2.1"]
[White "Fressinet, Laurent"]
[Black "Balogh, Csaba"]
[Result "1/2-1/2"]
[ECO "D14"]
[WhiteElo "2697"]
[BlackElo "2628"]
[Annotator "Robot 3"]
[PlyCount "31"]
[EventDate "2010.??.??"]
[TimeControl "900+3"]

1. d4 d5 2. c4 c6 3. Nc3 Nf6 4. cxd5 cxd5 5. Bf4 Nc6 6. e3 Bf5 7. Bb5 e6 8. Nf3
Nd7 9. O-O Be7 10. Rc1 Rc8 11. Qb3 O-O 12. Bxc6 bxc6 13. Na4 Qa5 14. Ne5 Nxe5
15. Bxe5 Qb5 16. Qd1 1/2-1/2

[Event "Corsica Masters/Corsican Circuit 2010 -"]
[Site "Bastia/France"]
[Date "2010.10.29"]
[Round "2.1"]
[White "Mamedyarov, Shakhriyar"]
[Black "Jones, Gawain C"]
[Result "1/2-1/2"]
[ECO "A57"]
[WhiteElo "2761"]
[BlackElo "2568"]
[Annotator "Robot 3"]
[PlyCount "33"]
[EventDate "2010.??.??"]
[TimeControl "900+3"]

1. d4 Nf6 2. c4 c5 3. d5 b5 4. Nf3 g6 5. Qc2 bxc4 6. e4 Bg7 7. Bxc4 d6 8. h3
O-O 9. O-O Ba6 10. Na3 Nfd7 11. Rb1 Bxc4 12. Nxc4 Nb6 13. b3 Nxc4 14. bxc4 Nd7
15. Bg5 Re8 16. Rb5 Qc7 17. Rfb1 1/2-1/2

[Event "Corsica Masters/Corsican Circuit 2010 -"]
[Site "Bastia/France"]
[Date "2010.10.30"]
[Round "2.1"]
[White "Mamedyarov, Shakhriyar"]
[Black "Van Wely, Loek"]
[Result "1-0"]
[ECO "D93"]
[WhiteElo "2761"]
[BlackElo "2677"]
[Annotator "Robot 3"]
[PlyCount "67"]
[EventDate "2010.??.??"]
[TimeControl "900+3"]

1. d4 d5 2. c4 c6 3. Nf3 Nf6 4. Qc2 g6 5. Bf4 Bg7 6. e3 O-O 7. Nc3 a6 8. c5 Nh5
9. Bg5 h6 10. Bh4 g5 11. Bg3 Nd7 12. Bd3 Nxg3 13. hxg3 e6 14. O-O-O f5 15. Nh2
b6 16. cxb6 Qxb6 17. g4 Rb8 18. gxf5 exf5 19. Rd2 c5 20. Nxd5 Qd6 21. Bc4 Kh8
22. Nf3 cxd4 23. Nxd4 Ne5 24. Bb3 f4 25. exf4 gxf4 26. Qe4 Rxb3 27. axb3 Bb7
28. Nf3 Ng4 29. Qe7 Rc8+ 30. Kb1 Qg6+ 31. Ka2 Bxd5 32. Rxd5 Rc2 33. Rd8+ Kh7
34. Ng5+ 1-0

[Event "Corsica Masters/Corsican Circuit 2010 -"]
[Site "Bastia/France"]
[Date "2010.10.30"]
[Round "2.1"]
[White "Radjabov, Teimour"]
[Black "Balogh, Csaba"]
[Result "1/2-1/2"]
[ECO "B41"]
[WhiteElo "2748"]
[BlackElo "2628"]
[Annotator "Robot 3"]
[PlyCount "128"]
[EventDate "2010.??.??"]
[TimeControl "900+3"]

1. e4 c5 2. Nf3 e6 3. d4 cxd4 4. Nxd4 a6 5. Be2 Nf6 6. Nc3 Bb4 7. O-O d6 8. Qd3
Nbd7 9. Qg3 O-O 10. Bh6 Ne8 11. Bd3 Ne5 12. Rad1 Bxc3 13. bxc3 Qc7 14. Be2 Bd7
15. Bg5 Ng6 16. h4 f6 17. Bc1 e5 18. Nf5 Bxf5 19. exf5 Ne7 20. Qh3 d5 21. c4
Nd6 22. cxd5 Nexf5 23. Bg4 Nd4 24. c3 N4b5 25. Be6+ Kh8 26. Rd3 Qe7 27. h5 Rad8
28. h6 g6 29. a4 Nc7 30. Ba3 f5 31. c4 Rfe8 32. f4 Nxe6 33. fxe5 Ng5 34. Qg3
Qxe5 35. Qxg5 Kg8 36. Bb4 Ne4 37. Qe3 Qb2 38. Qb6 Rd7 39. a5 Qe5 40. Qe3 Qf6
41. Bc3 Qd6 42. Ba1 Qc5 43. Rd4 Qxa5 44. g4 Nf6 45. Qg5 Qb6 46. c5 Qb3 47. gxf5
Re3 48. Kh2 Re2+ 49. Kg1 Qh3 50. Rh4 Ne4 51. Rxh3 Nxg5 52. Rg3 Ne4 53. Rg4 Rxd5
54. fxg6 hxg6 55. Rxg6+ Kh7 56. Rg4 Rg5 57. Rxg5 Nxg5 58. Rf5 Re1+ 59. Kf2 Rxa1
60. Rxg5 Kxh6 61. Rd5 Rb1 62. c6 bxc6 63. Rd6+ Kg5 64. Rxc6 Kf5 1/2-1/2